 Dungeon Crawl Stone Soup version 0.30.1 (webtiles) character file.

Game seed: 12332348498313859047

6 AgateBread the Ruffian (level 1, 4/30 HPs)
             Began as an Ogre Transmuter on July 9, 2023.
             Quit the game on level 1 of the Dungeon.
             The game lasted 00:02:08 (400 turns).

AgateBread the Ruffian (Ogre Transmuter)             Turns: 400, Time: 00:02:08

Health: 4/30       AC: 20    Str: 13    XL:     1   Next: 90%
Magic:  2/3        EV:  1    Int: 14    God:
Gold:   23         SH:  0    Dex:  9    Spells: 3/4 levels left

rFire   . .          .
                       - Unarmed
rCold   . . .        (no shield)
rNeg    . . .        a - melded +0 robe
rPois   +            (helmet currently unavailable)
rElec   .            (cloak currently unavailable)
rCorr   .            (gloves unavailable)
SInv    .            (boots unavailable)
Will    .....        (no amulet)
Stlth   +            (no ring)
HPRegen 0.25/turn    (no ring)
MPRegen 0.08/turn

%: no passive effects
@: lethally poisoned (4 -> -2), tree-form
A: stationary, stasis, torment immunity, boosted hp, large, unfitting armour,
(tough skin 1)
a: no special abilities


You were on level 1 of the Dungeon.
You were a tree.
You visited 1 branch of the dungeon, and saw 1 of its levels.

You collected 23 gold pieces.

Inventory:

Hand Weapons
 b - a +2 dagger of venom
 c - a +0 falchion
Armour
 a - a +0 robe (melded)


   Skills:
 + Level 1.8 Fighting
 - Level 1.7 Dodging
 + Level 2.8 Unarmed Combat
 - Level 2.4 Spellcasting
 + Level 2.0 Transmutations


You had 3 spell levels left.
You knew the following spells:

 Your Spells              Type           Power      Damage    Failure   Level
a - Beastly Appendage     Tmut           14%        N/A       10%         1

Your spell library contained the following spells:

 Spells                   Type           Power      Damage    Failure   Level
 Wereblood                Tmut           7%         N/A       16%         2
 Spider Form              Tmut/Pois      4%         N/A       41%         3
 Ice Form                 Ice/Tmut       4%         N/A       83%         4


Dungeon Overview and Level Annotations

Branches:
Dungeon (1/15)

Altars:


Innate Abilities, Weirdness & Mutations

You are a tree.
Your roots penetrate the ground, keeping you stationary.
You cannot be teleported.
You are immune to unholy pain and torment.
Your maximum health is greatly increased.
Your equipment is partially melded.
You are too large for most types of armour.
((You have tough skin. (AC +1)))


Message History

The kobold is moderately wounded.
You feel sick.
The kobold hits you with a +2 dagger of venom.
You are lethally poisoned!
You barely miss the kobold. You claw the kobold.
The kobold is moderately wounded.
You feel very sick. The kobold hits you but does no damage.
You closely miss the kobold. You headbutt the kobold.
You kill the kobold!
You feel very sick.
* * * LOW HITPOINT WARNING * * *
You feel very sick.
You see here a +2 dagger of venom.
Really quaff the potion of lignification?
Your horns disappear.
Your talons disappear.
You turn into a tree.
Your +0 robe melds into your body.
Your roots penetrate the ground.
* * * LOW HITPOINT WARNING * * *
You feel sick.
b - a +2 dagger of venom
* * * LOW HITPOINT WARNING * * *
You feel sick.
(D) Dungeon
Where to? (? - help)
Okay, then.
There are no items here.
There are no items here.
You aren't carrying any scrolls.
Unknown command.
Unknown command.
There is a lethal amount of poison in your body!
There is a lethal amount of poison in your body!
There is a lethal amount of poison in your body!
There is a lethal amount of poison in your body!
There is a lethal amount of poison in your body!
There is a lethal amount of poison in your body!
Save game and exit?
Okay, then.
Are you sure you want to abandon this character and quit the game? (Confirm with "yes".)

...###.#.........#
.......#.#######.#
#..###.#.# #.#
...# #.#)# #.#
######.#.# #.#
.......#.# #.#
#.######.# #.# ..#
#.# #!# ### #.#
#♣# .# #.# #.# .#
#.# #.# .# #.# #
#.#
.#######.#.###.#.#
...............#.#
########.#.#####.#
#.#... ..# #.# ###


There were no monsters in sight!

Vanquished Creatures
  A bat (D:1)
  A quokka (D:1)
  A ball python (D:1)
  3 kobolds (D:1)
6 creatures vanquished.

Notes
Turn   | Place    | Note
-------+----------+-------------------------------------------
     0 | D:1      | AgateBread the Ogre Transmuter began the quest for the Orb.
     0 | D:1      | Reached XP level 1. HP: 19/19 MP: 3/3
   400 | D:1      | Quit the game

Illustrated notes

Levels and vault maps discovered:
D:1:      grunt_arrival_lava_bath, layout_basic, chequers_serial_rivers_micro_c

Skill      XL: |  1 |
---------------+----+-----
Transmutations | 2 |  2.0
Fighting       | |  1.8
Dodging        | |  1.7
Unarmed Combat | |  2.8
Spellcasting   | |  2.4

Action                     || total
---------------------------++-------
  Melee: Unarmed           ||    25
         Kick              ||     5
         Headbutt          ||     4
         Punch             ||     1
   Cast: Beastly Appendage ||     4
    Use: Potion            ||     1
 Armour: Robe              ||    10
  Dodge: Dodged            ||     9
